 Dungeon Crawl Stone Soup version 0.29.0-4-gdea44cf6ec (webtiles) character file.

Game seed: 4934570250034805674

296 qw the Chopper (level 6, 0/52 HPs)
             Began as a Ghoul Summoner on Sept 9, 2022.
             Constricted to death by Ijyb (3 damage)
             ... on level 4 of the Dungeon.
             The game lasted 00:01:38 (3488 turns).

qw the Chopper (Ghoul Summoner)                     Turns: 3488, Time: 00:01:38

Health: 0/52       AC: 14    Str: 14    XL:     6   Next: 34%
Magic:  7/7        EV:  3    Int: 10    God:
Gold:   90         SH:  0    Dex:  9    Spells: 7/8 levels left

rFire   . . .      SeeInvis .   h - +0 war axe
rCold   + . .      Faith    .   (no shield)
rNeg    + + +      Spirit   .   e - +0 chain mail
rPois   inf        Reflect  .   (no helmet)
rElec   .          Harm     .   g - +1 cloak
rCorr   .          Rampage  .   (no gloves)
Will    .....                   (no boots)
Stlth   ..........              b - amulet of the acrobat
HPRegen 0.00/turn               c - +4 ring of protection
MPRegen 0.10/turn               (no ring)

@: grasped by roots, inhibited regen, constricted
A: claws 1, cold resistance 1, negative energy resistance 3, inhibited
regeneration, torment resistance 2, devour on kill
a: no special abilities


You were on level 4 of the Dungeon.
You visited 1 branch of the dungeon, and saw 4 of its levels.

You collected 245 gold pieces.
You spent 155 gold pieces at shops.


Innate Abilities, Weirdness & Mutations

You are immune to poison.
You have sharp fingernails.
Your flesh is cold resistant. (rC+)
You are immune to negative energy. (rN+++)
You do not regenerate when monsters are visible.
You are immune to unholy pain and torment.
You thrive by killing the living.


   Skills:
 - Level 3.8 Fighting
 + Level 4.0 Axes
 - Level 1.2 Armour
 - Level 1.7 Dodging
 - Level 2.1 Stealth
 - Level 1.7 Spellcasting
 - Level 3.6 Summonings


You had 7 spell levels left.
You knew the following spells:

 Your Spells              Type           Power      Damage    Failure   Level
a - Summon Small Mammal   Summ           32%        N/A       90%         1

Your spell library contained the following spells:

 Spells                   Type           Power      Damage    Failure   Level
 Call Imp                 Summ           8%         N/A       97%         2
 Call Canine Familiar     Summ           8%         N/A       99%         3
 Summon Guardian Golem    Hex/Summ       4%         N/A       100%        3
 Summon Lightning Spire   Summ/Air       4%         N/A       100%        4

Inventory:

Hand Weapons
 h - a +0 war axe (weapon)
 k - a +0 club
Missiles
 a - a boomerang (quivered)
Armour
 e - a +0 chain mail (worn)
 g - a +1 cloak (worn)
Jewellery
 b - an amulet of the acrobat (around neck)
 c - a +4 ring of protection (left claw)
Scrolls
 d - a scroll of identify
Potions
 f - 4 potions of curing
 i - a potion of ambrosia {unknown}
 j - a potion of cancellation {unknown}

Dungeon Overview and Level Annotations

Branches:
Dungeon (4/15)
 Temple: D:4-7

Altars:
Uskayaw

Shops:
D:3 =[*

Annotations:
D:4 Ijyb


Message History

You closely miss Ijyb.
Ijyb is lightly wounded.
Ijyb hits you but does no damage. The grasping roots constrict you.
You hit Ijyb but do no damage.
Ijyb is lightly wounded.
Ijyb hits you but does no damage. The grasping roots constrict you.
You barely miss Ijyb. Your claw misses Ijyb.
Ijyb is lightly wounded.
Ijyb hits you but does no damage. The grasping roots constrict you.
Ijyb hits you but does no damage. The grasping roots constrict you.
The grasping roots release their grip on you.
You barely miss Ijyb.
Ijyb is lightly wounded.
Ijyb hits you with a +2 dagger of draining.
You barely miss Ijyb.
Ijyb is lightly wounded.
Ijyb zaps a wand.
The roots erupt in riotous growth!
The grasping roots grab you!
Ijyb is unaffected.
The grasping roots constrict you.
You hit Ijyb.
Ijyb is lightly wounded.
Ijyb hits you with a +2 dagger of draining.
The grasping roots constrict you.
A ball python comes into view.
Ijyb hits you but does no damage. The grasping roots constrict you.
You closely miss Ijyb.
Ijyb is lightly wounded.
Ijyb hits you but does no damage. The grasping roots constrict you.
The grasping roots release their grip on you.
You closely miss Ijyb.
Ijyb is lightly wounded.
Ijyb hits you with a +2 dagger of draining.
You slash Ijyb!
Ijyb is heavily wounded.
A giant cockroach comes into view.
Ijyb zaps a wand.
The roots erupt in riotous growth!
The grasping roots grab you!
Ijyb is unaffected.
The ball python is unaffected.
The grasping roots constrict you.
You die...

...>. . .... 7.####...
...... .###. ..... ....
#..# ..# ##..####..#
#.BgS##...#
#......#@.).###
##.....##.#.#!+ ##....
#...### ....#.####)).#
# . #.g.#.........# .#
..
....#......#..#######.#
..##... ...
#.....##..........#
.#......
##.#.....###..##.....#
#......###........#
##........#


You could see Ijyb, a giant cockroach and a ball python.

Vanquished Creatures
  A phantom (D:4)
  A scorpion (D:4)
  A hound (D:4)
  3 adders
  An ufetubus (D:4)
  2 worms
  9 dart slugs
  5 orcs
  2 bats
  4 endoplasms (D:2)
  2 giant cockroaches (D:3)
  9 goblins
  9 hobgoblins
  4 jackals
  5 kobolds
  3 quokkas
  4 ball pythons
  A frilled lizard (D:2)
66 creatures vanquished.

Vanquished Creatures (collateral kills)
  2 endoplasms (D:1)
  A giant cockroach (D:1)
  A kobold (D:1)
  A rat (D:1)
5 creatures vanquished.

Grand Total: 71 creatures vanquished

Notes
Turn   | Place    | Note
-------+----------+-------------------------------------------
     0 | D:1      | qw the Ghoul Summoner began the quest for the Orb.
     0 | D:1      | Reached XP level 1. HP: 14/14 MP: 2/2
     0 | D:1      | 0 ||| qw: Version: 0.1-a-113-g051387a
     0 | D:1      | 0 ||| qw: Game counter: 7043
     0 | D:1      | 0 ||| qw: Always use a shield: true
     0 | D:1      | 0 ||| qw: God list: Okawaru
     0 | D:1      | 0 ||| qw: Allow faded altars: false
     0 | D:1      | 0 ||| qw: Do Orc after D:15 true
     0 | D:1      | 0 ||| qw: Do second Lair branch before Depths: true
     0 | D:1      | 0 ||| qw: Lair rune preference: random
     0 | D:1      | 0 ||| qw: Plans: Normal
     0 | D:1      | 0 ||| PLANNING D:1-11
     5 | D:1      | 5 ||| Wielding weapon +0 dagger.
    21 | D:1      | 21 ||| CASTING Summon Small Mammal
    22 | D:1      | 22 ||| CASTING Summon Small Mammal
    93 | D:1      | 93 ||| CASTING Summon Small Mammal
    94 | D:1      | 94 ||| CASTING Summon Small Mammal
   121 | D:1      | 121 ||| SWAPPING to +2 dagger of electrocution.
   122 | D:1      | 122 ||| DROPPING +0 dagger.
   135 | D:1      | 135 ||| CASTING Summon Small Mammal
   136 | D:1      | 136 ||| CASTING Summon Small Mammal
   145 | D:1      | Reached skill level 1 in Axes
   214 | D:1      | 214 ||| CASTING Summon Small Mammal
   215 | D:1      | 215 ||| CASTING Summon Small Mammal
   275 | D:1      | 275 ||| CASTING Summon Small Mammal
   276 | D:1      | 276 ||| CASTING Summon Small Mammal
   285 | D:1      | Reached XP level 2. HP: 22/22 MP: 0/3
   321 | D:1      | 321 ||| CASTING Summon Small Mammal
   322 | D:1      | 322 ||| CASTING Summon Small Mammal
   323 | D:1      | 323 ||| CASTING Summon Small Mammal
   328 | D:1      | Reached skill level 1 in Fighting
   361 | D:1      | 361 ||| CASTING Summon Small Mammal
   362 | D:1      | 362 ||| CASTING Summon Small Mammal
   363 | D:1      | 363 ||| CASTING Summon Small Mammal
   401 | D:1      | 401 ||| CASTING Summon Small Mammal
   402 | D:1      | 402 ||| CASTING Summon Small Mammal
   403 | D:1      | 403 ||| CASTING Summon Small Mammal
   404 | D:1      | 404 ||| Stepping ~*~*~tactically~*~*~ (hiding).
   413 | D:1      | 413 ||| CASTING Summon Small Mammal
   501 | D:1      | 501 ||| CASTING Summon Small Mammal
   502 | D:1      | 502 ||| CASTING Summon Small Mammal
   503 | D:1      | 503 ||| CASTING Summon Small Mammal
   626 | D:1      | You fall into a shaft and drop 1 floor!
   631 | D:2      | 631 ||| CASTING Summon Small Mammal
   632 | D:2      | 632 ||| CASTING Summon Small Mammal
   633 | D:2      | 633 ||| CASTING Summon Small Mammal
   644 | D:2      | 644 ||| CASTING Summon Small Mammal
   779 | D:2      | 779 ||| CASTING Summon Small Mammal
   780 | D:2      | 780 ||| CASTING Summon Small Mammal
   781 | D:2      | 781 ||| CASTING Summon Small Mammal
   790 | D:2      | Reached skill level 2 in Axes
   790 | D:2      | Reached XP level 3. HP: 28/28 MP: 0/4
   864 | D:2      | 864 ||| CASTING Summon Small Mammal
   865 | D:2      | 865 ||| CASTING Summon Small Mammal
   866 | D:2      | 866 ||| CASTING Summon Small Mammal
   867 | D:2      | 867 ||| CASTING Summon Small Mammal
   875 | D:2      | 875 ||| CASTING Summon Small Mammal
   956 | D:2      | 956 ||| CASTING Summon Small Mammal
   957 | D:2      | 957 ||| CASTING Summon Small Mammal
   958 | D:2      | 958 ||| CASTING Summon Small Mammal
   959 | D:2      | 959 ||| CASTING Summon Small Mammal
  1012 | D:2      | 1012 ||| CASTING Summon Small Mammal
  1013 | D:2      | 1013 ||| CASTING Summon Small Mammal
  1014 | D:2      | 1014 ||| CASTING Summon Small Mammal
  1015 | D:2      | 1015 ||| CASTING Summon Small Mammal
  1057 | D:2      | 1057 ||| UPGRADING to +0 chain mail.
  1067 | D:2      | 1067 ||| DROPPING +0 robe.
  1068 | D:2      | 1068 ||| READING scroll labelled VIOXTAABIN.
  1069 | D:2      | 1069 ||| READING scroll labelled QEIHUD ZIDOUCI.
  1070 | D:2      | 1070 ||| DRINKING 2 fizzy ruby potions.
  1071 | D:2      | 1071 ||| DROPPING potion of magic.
  1096 | D:1      | 1096 ||| Stepping ~*~*~tactically~*~*~ (stealth).
  1100 | D:1      | 1100 ||| Stepping ~*~*~tactically~*~*~ (outnumbered).
  1101 | D:1      | 1101 ||| Stepping ~*~*~tactically~*~*~ (outnumbered).
  1102 | D:1      | 1102 ||| Stepping ~*~*~tactically~*~*~ (outnumbered).
  1103 | D:1      | 1103 ||| Stepping ~*~*~tactically~*~*~ (outnumbered).
  1170 | D:1      | 1170 ||| Stepping ~*~*~tactically~*~*~ (stealth).
  1359 | D:1      | Found a faded altar of an unknown god.
  1375 | D:1      | 1375 ||| SWAPPING to +0 demon trident.
  1376 | D:1      | 1376 ||| DROPPING +2 dagger of electrocution.
  1433 | D:1      | 1433 ||| UPGRADING to amulet of the acrobat.
  1662 | D:2      | Reached XP level 4. HP: 36/36 MP: 5/5
  2205 | D:2      | 2205 ||| READING 4 scrolls labelled TELIWN CETIRCH.
  2206 | D:2      | 2206 ||| READING scroll labelled GIETHI XIFU.
  2207 | D:2      | 2207 ||| READING scroll labelled QADGHU KUNA.
  2208 | D:2      | 2208 ||| READING scroll labelled REYCIN DIWN.
  2209 | D:2      | 2209 ||| READING scroll labelled FEUMABUKHLA.
  2213 | D:2      | 2213 ||| READING 3 scrolls of identify.
  2213 | D:2      | 2213 ||| IDENTIFYING fuming blue potion
  2214 | D:2      | 2214 ||| READING 2 scrolls of identify.
  2214 | D:2      | 2214 ||| IDENTIFYING fizzy inky potion
  2215 | D:2      | 2215 ||| DROPPING potion of lignification.
  2216 | D:2      | 2216 ||| DROPPING potion of flight.
  2278 | D:3      | 2278 ||| STAIRDANCE
  2316 | D:3      | 2316 ||| Stepping ~*~*~tactically~*~*~ (hiding).
  2317 | D:3      | 2317 ||| Stepping ~*~*~tactically~*~*~ (hiding).
  2416 | D:3      | 2416 ||| Stepping ~*~*~tactically~*~*~ (stealth).
  2432 | D:3      | Reached skill level 3 in Axes
  2436 | D:3      | 2436 ||| FLEEEEING.
  2437 | D:3      | 2437 ||| STAIRDANCE
  2471 | D:2      | 2471 ||| READING scroll labelled JOUN JUDAECAICH.
  2497 | D:3      | 2497 ||| Stepping ~*~*~tactically~*~*~ (reaching).
  2499 | D:3      | 2499 ||| Stepping ~*~*~tactically~*~*~ (reaching).
  2501 | D:3      | 2501 ||| Stepping ~*~*~tactically~*~*~ (reaching).
  2503 | D:3      | 2503 ||| Stepping ~*~*~tactically~*~*~ (reaching).
  2505 | D:3      | 2505 ||| Stepping ~*~*~tactically~*~*~ (reaching).
  2506 | D:3      | 2506 ||| Stepping ~*~*~tactically~*~*~ (reaching).
  2508 | D:3      | 2508 ||| Stepping ~*~*~tactically~*~*~ (reaching).
  2509 | D:3      | 2509 ||| Stepping ~*~*~tactically~*~*~ (reaching).
  2543 | D:3      | Found Fimazu Usiat's Armour Emporium.
  2559 | D:3      | 2559 ||| BUYING +0 cloak (58 gold).
  2559 | D:3      | Bought a +0 cloak for 58 gold pieces
  2559 | D:3      | 2559 ||| SHOPLISTING +0 plate armour (299 gold, have 81).
  2657 | D:3      | Reached skill level 1 in Armour
  2710 | D:3      | 2710 ||| Stepping ~*~*~tactically~*~*~ (stealth).
  2812 | D:3      | Found Goatymam's Jewellery Shoppe.
  2822 | D:3      | 2822 ||| SHOPLISTING +4 ring of protection (432 gold, have
                  | 153).
  2822 | D:3      | 2822 ||| SHOPLISTING amulet of reflection (360 gold, have
                  | 153).
  2822 | D:3      | 2822 ||| SHOPLISTING ring "Plog" {Fly rPois rF+ rC+} (512
                  | gold, have 153).
  2822 | D:3      | 2822 ||| SHOPLISTING ring "Testro Riteol" {Fire Fly Will+}
                  | (476 gold, have 153).
  2822 | D:3      | 2822 ||| SHOPLISTING ring of Afegayt {Fly Will+ Int+6} (512
                  | gold, have 153).
  2854 | D:3      | Reached XP level 5. HP: 41/41 MP: 6/6
  2886 | D:3      | Identified the +4 mace "Eklesh" {vorpal, *Slow rElec
                  | Will+++ Dex-3}
  3029 | D:3      | Found Beowyra's General Store.
  3036 | D:3      | 3036 ||| SHOPLISTING amulet of guardian spirit (390 gold,
                  | have 153).
  3036 | D:3      | 3036 ||| BUYING scroll of enchant armour (97 gold).
  3036 | D:3      | Bought a scroll of enchant armour for 97 gold pieces
  3120 | D:3      | Noticed a +0 falchion
  3120 | D:3      | Noticed a +0 short sword
  3120 | D:3      | Noticed a +0 dagger
  3122 | D:3      | Noticed a +0 spear
  3122 | D:3      | Noticed a +0 spear
  3122 | D:3      | Noticed a +0 falchion
  3135 | D:3      | Found a hide-covered altar of Uskayaw.
  3137 | D:3      | Noticed a +0 short sword
  3138 | D:3      | Noticed a +0 dagger
  3165 | D:3      | 3165 ||| UPGRADING to +0 cloak.
  3170 | D:3      | 3170 ||| READING scroll of enchant armour.
  3170 | D:3      | 3170 ||| ENCHANTING +0 cloak.
  3171 | D:3      | 3171 ||| UPGRADING to +4 ring of protection.
  3172 | D:3      | 3172 ||| READING scroll labelled FYNECU TOAN.
  3173 | D:3      | 3173 ||| READING 2 scrolls of identify.
  3173 | D:3      | 3173 ||| IDENTIFYING orange potion
  3174 | D:3      | 3174 ||| DROPPING potion of degeneration.
  3336 | D:4      | Reached skill level 4 in Axes
  3346 | D:4      | 3346 ||| SWAPPING to +0 war axe.
  3347 | D:4      | 3347 ||| DROPPING +1 vorpal demon trident.
  3354 | D:4      | 3354 ||| Stepping ~*~*~tactically~*~*~ (stealth).
  3412 | D:4      | Noticed a phantom
  3426 | D:4      | Killed a phantom
  3427 | D:4      | Reached skill level 3 in Fighting
  3427 | D:4      | Reached XP level 6. HP: 52/52 MP: 7/7
  3451 | D:4      | 3451 ||| Stepping ~*~*~tactically~*~*~ (stealth).
  3452 | D:4      | 3452 ||| Stepping ~*~*~tactically~*~*~ (stealth).
  3453 | D:4      | 3453 ||| Stepping ~*~*~tactically~*~*~ (stealth).
  3466 | D:4      | Noticed Ijyb
  3467 | D:4      | 3467 ||| Stepping ~*~*~tactically~*~*~ (hiding).
  3468 | D:4      | 3468 ||| Stepping ~*~*~tactically~*~*~ (hiding).
  3485 | D:4      | HP: 10/52 [constriction (5)]
  3487 | D:4      | HP: 3/52 [Ijyb/+2 dagger of draining (3)]
  3488 | D:4      | Constricted to death by Ijyb

Levels and vault maps discovered:
D:1:      lemuel_arrival_behind_the_door_large, layout_basic,
          hellmonk_ecumenical_altar_blasted
D:2:      layout_loops_corners, kennysheep_generic_room_11
D:3:      kennysheep_slugbush, layout_basic, nicolae_uskayaw_en_pointe,
          serial_shops, nicolae_shop_trees, nicolae_lakefront_shop,
          nicolae_square_shop
D:4:      layout_rooms, minmay_stone_trees_medium,
          hangedman_abyss_or_decor_passed, minmay_liquid_box, grunt_tough_drop,
          uniq_ijyb

Skill      XL: |  1  2  3  4  5 |
---------------+----------------+-----
Axes           | 1 2 3 4 |  4.0
Fighting       | 1 2 3 |  3.8
Armour         | 1 |  1.2
Dodging        | |  1.7
Stealth        | |  2.1
Spellcasting   | |  1.7
Summonings     | |  3.6

Action                   |  1- 3 |  4- 6 || total
-------------------------+-------+-------++-------
Melee: Dagger            |    54 |       ||    54
       Demon trident     |    18 |    93 ||   111
       War axe           |       |    48 ||    48
Throw: Boomerang         |    15 |    38 ||    53
 Cast: Summon Small Mamm |    41 |       ||    41
  Use: Scroll            |     2 |    11 ||    13
       Potion            |     1 |       ||     1
Armor: Robe              |     1 |       ||     1
       Chain mail        |    26 |    69 ||    95
Dodge: Dodged            |    31 |    38 ||    69

Table legend:
 A = Non-vault XP
 B = Vault XP
 C = Vault XP percentage of total XP
 D = Non-vault monster count
 E = Vault monster count
 F = Vault count percentage of total count
                 A         B        C        D         E       F
            +---------+---------+-------+---------+---------+-------
      Total |     393 |      30 |   7.1 |      63 |       8 |  11.3
            +---------+---------+-------+---------+---------+-------
        D:1 |      35 |       0 |   0.0 |      18 |       0 |   0.0
        D:2 |      56 |       2 |   3.4 |      18 |       1 |   5.3
        D:3 |      50 |      28 |  35.9 |      16 |       7 |  30.4
        D:4 |     252 |       0 |   0.0 |      11 |       0 |   0.0
            +---------+---------+-------+---------+---------+-------
